 Dungeon Crawl Stone Soup version 0.30-a0-626-gd6a5dd7a1f (webtiles) character file.

Game seed: 11891055204307534978

266 Leeroy the Carver (level 6, -2/38 (48) HPs)
             Began as a Merfolk Gladiator on Jan 11, 2023.
             Slain by an orc wizard
             ... wielding a +1 dagger of draining
              (3 damage)
             ... on level 3 of the Dungeon.
             The game lasted 00:02:42 (2422 turns).

Leeroy the Carver (Merfolk Gladiator)               Turns: 2422, Time: 00:02:43

HP:   -2/38 (48)    AC: 10    Str: 18    XL:     6   Next: 20%
MP:   6/6           EV: 13    Int:  7    God:
Gold: 214           SH:  0    Dex: 16    Spells: 5/5 levels left

rFire   . . .      SeeInvis .    a - +0 long sword
rCold   + . .      Faith    .    (no shield)
rNeg    . . .      Spirit   .    s - +2 leather armour {rPois}
rPois   +          Reflect  .    c - +0 helmet
rElec   .          Harm     .    (no cloak)
rCorr   .          Rampage  .    (no gloves)
Will    .....                    (no boots)
Stlth   +                        (no amulet)
HPRegen 0.26/turn                h - +4 ring of protection
MPRegen 0.10/turn                (no ring)

@: confused, on berserk cooldown, slowed, heavily drained, very slow
A: (nimble swimmer 2), mertail, cold resistance 1, robust 1, strong 1, subdued
magic 1
a: no special abilities


You were on level 3 of the Dungeon.
You visited 1 branch of the dungeon, and saw 4 of its levels.

You collected 214 gold pieces.

Inventory:

Hand Weapons
 a - a +0 long sword (weapon)
Missiles
 d - 3 throwing nets (quivered)
 e - a javelin
Armour
 b - a +0 leather armour
 c - a +0 helmet (worn)
 s - a +2 leather armour of poison resistance (worn)
Jewellery
 h - a +4 ring of protection (left hand)
 l - a ring of ice
Wands
 t - a wand of roots (5)
Scrolls
 f - 3 scrolls of teleportation {unknown}
 j - a scroll of butterflies {unknown}
 m - a scroll of vulnerability {unknown}
 n - a scroll of fear {unknown}
 p - 2 scrolls of poison
 q - a scroll of fog {unknown}
 r - 2 scrolls of identify {unknown}
 u - a scroll of magic mapping {unknown}
Potions
 i - a potion of brilliance {unknown}
 k - a potion of heal wounds {unknown}
 o - a potion of mutation


   Skills:
 - Level 2.1 Fighting
 + Level 8.1 Long Blades
 - Level 2.0 Throwing
 - Level 4.0 Dodging


You had 5 spell levels left.
You didn't know any spells.
Your spell library contained the following spells:

 Spells                   Type           Power      Damage    Failure   Level
 Blink                    Tloc           0%         N/A       58%         2
 Ignite Poison            Fire/Tmut/Pois 0%         N/A       83%         3
 Manifold Assault         Tloc           0%         N/A       99%         4
 Sticky Flame             Conj/Fire      0%         2d3       99%         4
 Storm Form               Tmut/Air       0%         N/A       100%        7
 Ignition                 Fire           0%         3d3       100%        8


Dungeon Overview and Level Annotations

Branches:
Dungeon (4/15)
 Temple: D:4-7

Altars:


Innate Abilities, Weirdness & Mutations

((You are very nimble when in or above water. (Stealth+, EV+, Speed+++)))
Your lower body shifts to a powerful aquatic tail in water.
Your flesh is cold resistant. (rC+)
You are robust. (+10% HP)
Your muscles are strong. (Str +4, Int/Dex -1)
Your spells are a little easier to cast, but a little less powerful.


Message History

The jackal bites you but does no damage.
The hound bites you but does no damage. The orc hits you but does no damage.
You hear some strange, mumbled words.
You are confused.
You're too confused to move!
The jackal bites you but does no damage.
The hound misses you.
You bump into the rock wall.
You feel a strong urge to attack something.
You hear some strange, mumbled words.
You are more confused.
The orc barely misses you. The jackal bites you.
* * * LOW HITPOINT WARNING * * *
The hound bites you but does no damage.
You miss the jackal.
The jackal is moderately wounded.
The jackal bites you but does no damage.
The hound closely misses you. The orc hits you but does no damage.
Something hits you.
* * * LOW HITPOINT WARNING * * *
You feel drained.
You barely miss something. The jackal barely misses you. The hound bites you.
* * * LOW HITPOINT WARNING * * *
You bump into the rock wall.
Something hits you but does no damage.
You feel drained. The orc closely misses you. The jackal bites you.
* * * LOW HITPOINT WARNING * * *
The hound bites you.
* * * LOW HITPOINT WARNING * * *
You slice the hound!!
You kill the hound!
Something hits you but does no damage.
You feel drained. The orc barely misses you. The jackal barely misses you.
Your Long Blades skill increases to level 8!
You are too berserk!
Unknown command.
You closely miss something.
You are no longer berserk.
You are exhausted.
You feel yourself slow down. The jackal barely misses you. Something hits you.
You die...

.#..#....###.#.#)# ...<#....#
#.#.#.##########
###....#.###.#.#..........#
#.##...#...#.##########.#
###.####.#.#........# #.####
..#.# #.#§##..#..#.#####....#
..#.####.#§§§§.#..#.......##.#
..#......§§§§§§########§.....#
.........§§§§○h{@o§☼☼☼☼§#..###
.......<.§§§§###†h§§§§§§##.#
#.#########.## #☼§§§§§§§...#
#...#.......# #○○§☼§§§#####
#...#.####### #§#######
#.###.####### #§# #.#
#....†..# #§# #.#########.#
##§#######
#.##........###........#


You could see an orc and 2 jackals.

Vanquished Creatures
  A phantom (D:3)
  A hound (D:3)
  Natasha (thrice) (D:3)
  5 adders
  3 dart slugs
  3 ball pythons
  3 endoplasms
  3 giant cockroaches (D:1)
  3 goblins
  4 hobgoblins
  2 jackals (D:3)
  4 kobolds
  A quokka (D:3)
  3 bats
  A frilled lizard (D:1)
  4 rats
44 creatures vanquished.

Notes
Turn   | Place    | Note
-------+----------+-------------------------------------------
     0 | D:1      | Leeroy the Merfolk Gladiator began the quest for the Orb.
     0 | D:1      | Reached XP level 1. HP: 16/16 MP: 1/1
    72 | D:1      | You fall into a shaft and drop 1 floor!
   105 | D:2      | Reached skill level 4 in Long Blades
   334 | D:2      | Reached XP level 2. HP: 20/22 MP: 2/2
   576 | D:2      | Reached XP level 3. HP: 25/27 MP: 3/3
   580 | D:2      | Reached skill level 5 in Long Blades
  1248 | D:1      | Reached XP level 4. HP: 33/33 MP: 4/4
  1328 | D:1      | Found a faded altar of an unknown god.
  1727 | D:3      | Noticed Natasha
  1736 | D:3      | Killed Natasha
  1737 | D:3      | Reached skill level 6 in Long Blades
  1818 | D:3      | Noticed Natasha
  1824 | D:3      | Killed Natasha
  1869 | D:3      | Found the +8 trident of the Octopus King {venom, rElec
                  | rPois}
  1952 | D:3      | Reached XP level 5. HP: 18/38 MP: 5/5
  2132 | D:3      | Noticed Natasha
  2142 | D:3      | Killed Natasha
  2143 | D:3      | Reached skill level 7 in Long Blades
  2370 | D:4      | Noticed a phantom
  2392 | D:3      | Killed a phantom
  2393 | D:3      | Reached XP level 6. HP: 31/44 MP: 6/6
  2412 | D:3      | Gained mutation: Your spells are a little easier to cast,
                  | but a little less powerful. [potion of mutation]
  2412 | D:3      | Gained mutation: Your muscles are strong. (Str +4, Int/Dex
                  | -1) [potion of mutation]
  2412 | D:3      | Gained mutation: Your flesh is cold resistant. (rC+)
                  | [potion of mutation]
  2412 | D:3      | Gained mutation: You are robust. (+10% HP) [potion of
                  | mutation]
  2420 | D:3      | HP: 2/54 [hound (2)]
  2422 | D:3      | Reached skill level 8 in Long Blades
  2422 | D:3      | Slain by an orc wizard

Illustrated notes

Levels and vault maps discovered:
D:1:      elethiomel_arrival_shortcut, layout_loops_ring,
          chequers_ecumenical_altar_grove, serial_forest,
          infiniplex_forest_join, infiniplex_forest_zigzag_1,
          infiniplex_forest_lined_corner, infiniplex_forest_lined_3,
          infiniplex_forest_zigzag_2
D:2:      layout_basic, patterned_corridor
D:3:      layout_basic, uniq_natasha
D:4:      layout_basic, palyth_temple_overflow_mages,
          minmay_misc_feat_nine_boxes, chequers_jeans

Skill      XL: |  1  2  3  4  5  6 |
---------------+-------------------+-----
Long Blades    | 4 5 6 7 8 |  8.1
Fighting       | |  2.1
Throwing       | |  2.0
Dodging        | |  4.0

Action                   |  1- 3 |  4- 6 || total
-------------------------+-------+-------++-------
Melee: Long sword        |    70 |    72 ||   142
       Punch             |       |     1 ||     1
  Use: Potion            |       |     2 ||     2
       Scroll            |       |     1 ||     1
 Stab: Sleeping          |     1 |       ||     1
Armor: Leather armour    |    27 |    57 ||    84
Dodge: Dodged            |    45 |    89 ||   134

Table legend: (Time is in decaauts)
 A = Elapsed time spent in this place.
 B = Non-inter-level travel time spent in this place.
 C = Inter-level travel time spent in this place.
 D = Time resting spent in this place.
 E = Time spent auto-exploring this place.
 F = Levels seen in this place.
 G = Mean time per level.
                   A        B        C        D        E       F      G
               +--------+--------+--------+--------+--------+-----+--------+
         Total |   2440 |   2357 |     83 |      0 |   1967 |   4 |  610.0 |
       Dungeon |   2440 |   2357 |     83 |      0 |   1967 |   4 |  610.0 |
               +--------+--------+--------+--------+--------+-----+--------+

Top non-repeatable levels by time:
     D:2: 940 daAuts
     D:1: 782 daAuts
     D:3: 711 daAuts
     D:4: 6 daAuts
